 Dungeon Crawl Stone Soup version 0.31-a0-369-g8eba5f6939 (webtiles) character file.

Game seed: 2412656557488219740

21 Dordric the Chopper (level 2, 26/26 HPs)
             Began as a Hill Orc Monk on July 28, 2023.
             Quit the game on level 1 of the Dungeon.
             The game lasted 00:00:39 (859 turns).

Dordric the Chopper (Hill Orc Monk)                  Turns: 859, Time: 00:00:39

Health: 26/26      AC:  5    Str: 13    XL:     2   Next: 83%
Magic:  2/2        EV: 11    Int: 10    God:
Gold:   28         SH:  0    Dex: 13    Spells: 1/1 levels left

rFire   . . .        a - +0 hand axe
rCold   . . .        d - orb {light}
rNeg    . . .        f - +0 ring mail
rPois   .            (no helmet)
rElec   .            (no cloak)
rCorr   .            (no gloves)
SInv    .            (no boots)
Will    .....        (no amulet)
Stlth   +            (no ring)
HPRegen 0.24/turn    (no ring)
MPRegen 0.08/turn

%: no passive effects
@: glowing
A: no striking features
a: no special abilities


You were on level 1 of the Dungeon.
You visited 1 branch of the dungeon, and saw 1 of its levels.

You collected 28 gold pieces.

Inventory:

Hand Weapons
 a - a +0 hand axe (weapon)
Armour
 b - a +0 robe
 d - an orb of light (worn)
 f - a +0 ring mail (worn)
Scrolls
 e - a scroll of enchant armour {unknown}
 g - a scroll of amnesia {unknown}
 h - a scroll of identify {unknown}
 i - a scroll of silence {unknown}
Potions
 c - a potion of ambrosia
 j - a potion of curing {unknown}


   Skills:
 - Level 3.6 Fighting
 + Level 5.3 Axes
 - Level 2.4 Dodging


You had one spell level left.
You didn't know any spells.
Your spell library contained the following spells:

 Spells                   Type           Power      Damage    Failure   Level
 Inner Flame              Hex/Fire       0%         N/A       94%         3
 Yara's Violent Unravell  Hex/Tmut       0%         3d3       100%        5
 Enfeeble                 Hex            0%         N/A       100%        7


Dungeon Overview and Level Annotations

Branches:
Dungeon (1/15)

Altars:


Message History

There is an open door here.
You hit the dart slug.
The dart slug is moderately wounded.
You slash the dart slug!
You kill the dart slug!
No target in view!
No target in view!
No target in view!
You open the door. You open the door.
There is an open door here.
A hobgoblin comes into view.
Found 14 gold pieces.
The hobgoblin shouts!
A hobgoblin is nearby!
A hobgoblin is nearby!
The hobgoblin hits you but does no damage.
You hit the hobgoblin.
The hobgoblin is heavily wounded.
The hobgoblin hits you but does no damage.
You hit the hobgoblin.
You kill the hobgoblin!
No target in view!
No target in view!
No target in view!
You now have 28 gold pieces (gained 14).
There is an open door here.
You open the door.
There is an open door here.
Found a war axe.
There is an open gate here.
There is an open gate here.
You see here 7 stones.
Done exploring.
Done exploring.
No target in view!
Done exploring.
Done exploring.
Done exploring.
Are you sure you want to abandon this character and quit the game? (Confirm with "yes".)

##.).## #.# #.# ##.....## ##.#
#.### #.......## ##..## #.#.####
.).......####....#########......#
.........+.......................
.........####....#########......#
#.......## ##.#.# #.#.#..#
##.....## ###.# #....... ##...##
#@# #..##..# ####'#### #.#
###......# #.......# #.#
#........# #.##.##.# #.#
#.#....... ........# #.#
#.#..##..# ..#...#.########.#
#.#....... .................#
#.######.# ..#...#.########## #.#
#.# ..##.##.# #.######.#


There were no monsters in sight!

Vanquished Creatures
  A dart slug (D:1)
  A ball python (D:1)
  2 bats (D:1)
  2 endoplasms (D:1)
  A giant cockroach (D:1)
  3 goblins (D:1)
  3 hobgoblins (D:1)
  2 frilled lizards (D:1)
  A rat (D:1)
16 creatures vanquished.

Notes
Turn   | Place    | Note
-------+----------+-------------------------------------------
     0 | D:1      | Dordric the Hill Orc Monk began the quest for the Orb.
     0 | D:1      | Reached XP level 1. HP: 19/19 MP: 1/1
   312 | D:1      | Reached XP level 2. HP: 26/26 MP: 2/2
   426 | D:1      | Reached skill level 5 in Axes
   859 | D:1      | Quit the game

Illustrated notes

Levels and vault maps discovered:
D:1:      kennysheep_arrival_forest, layout_loops_corners

Skill      XL: |  1  2 |
---------------+-------+-----
Axes           | 5 |  5.3
Fighting       | |  3.6
Dodging        | |  2.4

Action                     || total
---------------------------++-------
  Melee: Hand axe          ||    37
 Armour: Ring mail         ||    14
  Dodge: Dodged            ||    11

Table legend: (Time is in decaauts)
 A = Elapsed time spent in this place.
 B = Non-inter-level travel time spent in this place.
 C = Inter-level travel time spent in this place.
 D = Time resting spent in this place.
 E = Time spent auto-exploring this place.
 F = Levels seen in this place.
 G = Mean time per level.
                   A        B        C        D        E       F      G
               +--------+--------+--------+--------+--------+-----+--------+
         Total |    861 |    846 |     15 |      0 |    746 |   1 |  861.0 |
       Dungeon |    861 |    846 |     15 |      0 |    746 |   1 |  861.0 |
               +--------+--------+--------+--------+--------+-----+--------+

Top non-repeatable levels by time:
     D:1: 861 daAuts
